Cogmind - Beta 9.4 @@@ ROGUE MODE // 2020.02.23 @ 15:06:55 // Winter2019/RPGLIKE Player: NeraMorte Result: Destroyed by Y-54 Guardian with Gatling Laser Performance ------------- Evolutions (3) 1500 Regions Visited (4) 800 Robots Destroyed (57) 285 Value Destroyed (1760) 1760 Prototype IDs (5) 100 Alien Tech Used (0) 0 Bonus (111) 111 TOTAL SCORE: 4556 Bonus ------- High Alert Combat Kills 111 Cogmind --------- Core Integrity 0/750 Matter 280/300 Energy 380/380 System Corruption 4% Temperature Cool (12) Movement Hovering (45) Location -7/Factory Parts ------- > --- POWER (1) -------- Heavy Ion Engine > --- PROPULSION (3) --- Aerolev Unit Aerolev Unit Gravmag System > --- UTILITY (3) ------ Improved Signal Interpreter Improved Melee Analysis Suite Improved Utility Shielding > --- WEAPON (5) ------- EM Pulse Cannon Mace Maul Mining Claw > --- INVENTORY (1) ---- Improved Deuterium Engine Peak State ------------ > --- POWER ------------ Heavy Ion Engine > --- PROPULSION ------- Aerolev Unit Aerolev Unit Cooled VTOL Module > --- UTILITY ---------- Improved Signal Interpreter Heavy Armor Plating > --- WEAPON ----------- EM Pulse Cannon Mace Maul Mining Claw > --- INVENTORY -------- (None) [Rating: 32] Favorites ----------- Power Heavy Ion Engine Engine Heavy Ion Engine Propulsion Light Treads Treads Light Treads Leg Aluminum Leg Hover Unit Aerolev Unit Flight Unit Cooled VTOL Module Utility Improved Signal Interpreter Device Hardlight Generator Processor Improved Signal Interpreter Protection Heavy Armor Plating Weapon EM Pulse Cannon Energy Gun Medium Laser Energy Cannon EM Pulse Cannon Ballistic Cannon Assault Cannon Impact Weapon Mace Slashing Weapon Mining Claw Special Melee Weapon Improved Datajack Build | -11 -10 -9 -8 -7 ------- Run | Scr Mat Mat Mat Fac Slots Evolved 8 | 3 . 1 3 1 Power . | . . . . . Propulsion 2 | 1 . . 1 . Utility 2 | 1 . . 1 . Weapon 4 | 1 . 1 1 1 Parts Attached 41 | 5 2 7 14 13 Power 4 | 1 1 2 . . Engine 4 | 1 1 2 . . Core . | . . . . . Reactor . | . . . . . Propulsion 18 | 2 . . 5 11 Treads 7 | 2 . . 3 2 Leg 2 | . . . 2 . Wheel . | . . . . . Hover 8 | . . . . 8 Flight 1 | . . . . 1 Utility 8 | . . 3 3 2 Device 3 | . . 2 1 . Storage . | . . . . . Processor 3 | . . 1 1 1 Hackware . | . . . . . Protection 2 | . . . 1 1 Artifact . | . . . . . Weapon 11 | 2 1 2 6 . Energy Gun 3 | 2 1 . . . Energy Cannon 1 | . . 1 . . Ballistic Gun . | . . . . . Ballistic Cannon 3 | . . 1 2 . Launcher . | . . . . . Special Weapon . | . . . . . Impact Weapon 2 | . . . 2 . Slashing Weapon 1 | . . . 1 . Piercing Weapon . | . . . . . Special Melee Weapon 1 | . . . 1 . Unidentified Prototypes 2 | . . . . 2 Parts Lost 1 | . . . . 1 Power . | . . . . . Propulsion . | . . . . . Utility 1 | . . . . 1 Weapon . | . . . . . Highest Loss Streak 1 | . . . . 1 Average Slot Usage (%) 87 | . 71 94 91 87 Engine 10 | . 14 12 10 8 Treads 21 | . 28 25 26 7 Hover 4 | . . . . 18 Device 5 | . . 15 5 . Processor 7 | . . 4 10 9 Protection 3 | . . . 4 8 Energy Gun 8 | . 28 16 3 . Energy Cannon 7 | . . 7 10 8 Ballistic Cannon 6 | . . 10 10 . Impact Weapon 6 | . . . 5 17 Slashing Weapon 3 | . . . 4 8 Naked Turns . | . . . . . Heaviest Build 41 | 7 8 26 41 36 Greatest Support 75 | 45 45 45 65 75 Greatest Overweight (x) 2 | . . . . 2 Average Overweight (x) . | . . . . . Largest Inventory Capacity 1 | 1 1 1 1 1 Average Capacity 1 | 1 1 1 1 1 Most Carried 1 | 1 1 1 1 1 Average Carried . | . 1 . . . Final Capacity 1 | 1 1 1 1 1 Final Carried 1 | 1 1 1 . 1 Class Distribution -------------------- 61% | Mutant 38% | Tank Dominant Class ---------------- Mutant | -10/Materials Tank | -9/Materials Tank | -8/Materials Mutant | -7/Factory Resources | -11 -10 -9 -8 -7 ----------- Run | Scr Mat Mat Mat Fac Matter Collected 1105 | 186 84 170 555 110 Remotely . | . . . . . Salvage Created 1670 | . 187 137 1014 332 Parts 102 | . 13 16 64 9 Haulers Intercepted 2 | . . 1 1 . Recyclers Shooed 2 | . . . 2 . Parts Field Recycled . | . . . . . Retrieved Matter . | . . . . . Parts Self-Destructed . | . . . . . Prevented . | . . . . . Kills | -11 -10 -9 -8 -7 ------- Run | Scr Mat Mat Mat Fac Combat Hostiles Destroyed 39 | . 6 5 23 5 Melee 5 | . . . . 5 Guns 12 | . 6 2 4 . Cannons 21 | . . 2 19 . AOE 1 | . . 1 . . Classes Destroyed 10 | . 2 4 2 2 Builder 4 | . . 1 2 1 Hauler 2 | . . 1 1 . Recycler 3 | . . . 1 2 Operator 5 | . . 1 3 1 Watcher 4 | . 1 . 2 1 Swarmer 8 | . . 3 4 1 Grunt 22 | . 6 2 13 1 Sentry 6 | . . . 6 . Hunter 1 | . . . . 1 Programmer 2 | . . . . 2 Best Kill Streak 10 | . 2 2 10 2 Combat Bots Only 6 | . 2 2 6 1 Max Kills in Single Turn 2 | . 1 2 2 1 Gunslinging . | . . . . . Exploded 1 | . . 1 . . Melee 1 | . . . . 1 Uniques/NPCs Destroyed . | . . . . . Combat | -11 -10 -9 -8 -7 -------- Run | Scr Mat Mat Mat Fac Damage Taken 2527 | . 304 194 873 1156 Core 1840 | . 242 155 687 756 Absorbed by Shields 228 | . . 45 183 . Redirected to Core 1454 | . 207 116 550 581 Core Remaining (%) 90 | 100 78 85 100 . Volleys Fired 120 | . 32 20 68 . Largest 3 | . 2 3 3 . Hottest 157 | . 90 157 157 . Shots Fired 301 | . 61 55 185 . Gun 115 | . 61 21 33 . Cannon 186 | . . 34 152 . Launcher . | . . . . . Special . | . . . . . Kinetic 104 | . . 20 84 . Thermal 115 | . 61 21 33 . Explosive . | . . . . . Electromagnetic 82 | . . 14 68 . Robot Hit Streak 17 | . 14 6 17 . Robot Miss Streak 6 | . 5 6 3 . Penetration Max . | . . . . . Secondary Targets . | . . . . . Shots Hit Robots 260 | . 44 32 130 54 Core Hits 82 | . 17 8 47 10 Critical Hits 3 | . . . 3 . Critical Kills 1 | . . . 1 . Critical Parts Destroyed 2 | . . . 2 . Melee Attacks 74 | . . . 11 63 Impact 51 | . . . 2 49 Slashing 18 | . . . 4 14 Piercing . | . . . . . Sneak Attacks 10 | . . . 3 7 Combat Hostiles 1 | . . . . 1 Follow-up Attacks 16 | . . . 1 15 Damage Inflicted 5554 | . 508 599 2790 1657 Guns 948 | . 508 122 318 . Cannons 2678 | . . 414 2264 . Explosions 150 | . . 63 87 . Melee 1777 | . . . 120 1657 Ramming 1 | . . . 1 . Kinetic 1222 | . . 215 1007 . Thermal 1098 | . 508 185 405 . Explosive . | . . . . . Electromagnetic 1456 | . . 199 1257 . Impact 1396 | . . . 51 1345 Slashing 381 | . . . 69 312 Piercing . | . . . . . Highest Corruption 4 | . . . 1 4 Average Corruption 1 | . . . 1 2 Corruption Purged . | . . . . . Effects 5 | . . . . 5 Message Errors 1 | . . . . 1 Heat Flow Errors 1 | . . . . 1 Energy Discharges 1 | . . . . 1 Targeting Errors 2 | . . . . 2 Overload Shots . | . . . . . Overflow Damage 593 | . . 34 132 427 Projectiles 89 | . . 31 58 . Explosions 25 | . . 3 22 . Melee 479 | . . . 52 427 Knockbacks 17 | . . 4 10 3 Impact 4 | . . . 1 3 Kinetic 11 | . . 3 8 . Secondary 2 | . . 1 1 . Self-Inflicted Damage 115 | . . 65 50 . Shots 4 | . . 2 2 . Rammed 1 | . . . 1 . Targets Rammed 1 | . . . 1 . Kicked . | . . . . . Crushed . | . . . . . Highest Temperature 381 | . 381 108 270 122 Average Temperature 81 | . 115 35 75 64 Received Heat Transfer 862 | . 189 30 418 225 Effects 5 | . 4 . 1 . Shutdowns 1 | . 1 . . . Energy Bleed 1 | . . . 1 . Interference 2 | . 2 . . . Damage (minor) 1 | . 1 . . . Siege Activations . | . . . . . Robots Corrupted 1 | . . . 1 . Combat Hostiles . | . . . . . Parts Fried 9 | . . . 4 5 Impact Corruptions 17 | . . . 2 15 Robots Melted . | . . . . . Combat Hostiles . | . . . . . Parts Melted 4 | . 2 1 . 1 Heat Transferred 2763 | . 1280 458 1025 . Parts Sabotaged . | . . . . . Parts Stolen . | . . . . . Parts Stripped . | . . . . . Power Chain Reactions 4 | . . 2 2 . Missiles Intercepted . | . . . . . Alert | -11 -10 -9 -8 -7 ------- Run | Scr Mat Mat Mat Fac Peak Influence 544 | . 202 252 544 341 Average Influence 238 | . 101 172 331 201 Maximum Alert Level 2 | . 1 1 2 1 Low Security (%) 47 | 100 89 79 20 51 Level 1 30 | . 10 20 32 48 Level 2 21 | . . . 46 . Level 3 . | . . . . . Level 4 . | . . . . . Level 5 . | . . . . . High Security . | . . . . . Max Security . | . . . . . Squads Dispatched 10 | . 1 1 5 3 Investigation 2 | . . 1 1 . Extermination 1 | . . . . 1 Reinforcement 4 | . 1 . 1 2 Assault . | . . . . . Garrison 3 | . . . 3 . Intercept . | . . . . . Construction Impeded 1 | . . . . 1 Haulers Reinforced . | . . . . . Stealth | -11 -10 -9 -8 -7 --------- Run | Scr Mat Mat Mat Fac Distress Signals 4 | . 2 . 2 . Communications Jammed . | . . . . . Distress Signals . | . . . . . Times Spotted 75 | . 12 9 41 13 Peak Tracking Total 7 | . 5 4 7 4 Tactical Retreats 5 | . . 1 4 . Traps | -11 -10 -9 -8 -7 ------- Run | Scr Mat Mat Mat Fac Traps Triggered 7 | . . 1 4 2 Indirectly . | . . . . . Trap Hack Attempts . | . . . . . Triggered . | . . . . . Disarmed . | . . . . . Reprogrammed . | . . . . . Reused . | . . . . . Traps Extracted . | . . . . . Installed . | . . . . . Triggered . | . . . . . Machines | -11 -10 -9 -8 -7 ---------- Run | Scr Mat Mat Mat Fac Machines Disabled 4 | . . 1 3 . Max in Single Turn 1 | . . 1 1 . Machines Sabotaged . | . . . . . Garrisons Compromised . | . . . . . Overloaded Fab Kills . | . . . . . Fab Network Shutdowns . | . . . . . Hacking | -11 -10 -9 -8 -7 --------- Run | Scr Mat Mat Mat Fac Machines Accessed 6 | . 3 . 2 1 Terminals 4 | . 2 . 2 . Fabricators . | . . . . . Repair Stations . | . . . . . Recycling Units 1 | . 1 . . . Scanalyzers 1 | . . . . 1 Garrison Access . | . . . . . Total Hacks 16 | . 10 . 5 1 Successful 9 | . 5 . 4 . Failed 7 | . 5 . 1 1 Catastrophic 2 | . 1 . . 1 Database Lockouts . | . . . . . Manual . | . . . . . Terminals 11 | . 6 . 5 . Fabricators . | . . . . . Repair Stations . | . . . . . Recycling Units 4 | . 4 . . . Scanalyzers 1 | . . . . 1 Garrison Access . | . . . . . Terminal Hacks 7 | . 3 . 4 . Record 1 | . . . 1 . Prototype ID Bank 2 | . 2 . . . Branch Access Points 1 | . . . 1 . Hauler Manifests 2 | . . . 2 . Zone Layout 1 | . 1 . . . Fabricator Hacks . | . . . . . Repair Station Hacks . | . . . . . Recycling Unit Hacks 2 | . 2 . . . Report Inventory 1 | . 1 . . . Retrieve Components 1 | . 1 . . . Scanalyzer . | . . . . . Garrison Access Hacks . | . . . . . Unauthorized Hacks . | . . . . . Terminals . | . . . . . Fabricators . | . . . . . Repair Stations . | . . . . . Recycling Units . | . . . . . Scanalyzers . | . . . . . Garrison Access . | . . . . . Data Cores Recovered 2 | . . . 2 . Used 1 | . . . 1 . Hacking Detections 5 | . 3 . 1 1 Full Trace Events . | . . . . . Feedback Events . | . . . . . Feedback Blocked . | . . . . . Robot Schematics Acquired . | . . . . . Robots Built . | . . . . . Matter . | . . . . . Time . | . . . . . Total Robot Build Rating . | . . . . . Part Schematics Acquired . | . . . . . Parts Built . | . . . . . Matter . | . . . . . Time . | . . . . . Total Part Build Rating . | . . . . . Parts Repaired . | . . . . . Time . | . . . . . Parts Recycled . | . . . . . Recycled Matter . | . . . . . Retrieved Matter . | . . . . . Retrieved Components 9 | . 9 . . . Parts Scanalyzed . | . . . . . Part Schematics Acquired . | . . . . . Parts Damaged . | . . . . . Bothacking | -11 -10 -9 -8 -7 ------------ Run | Scr Mat Mat Mat Fac Used RIF Installer . | . . . . . Robots Hacked 4 | . . . 4 . Non-combat 3 | . . . 3 . Combat 1 | . . . 1 . Robot Hacks Applied 4 | . . . 4 . parse_system 3 | . . . 3 . no_distress 1 | . . . 1 . Relay Couplers Released . | . . . . . Robots Rewired . | . . . . . Allies Hacked . | . . . . . Hacks Repelled . | . . . . . Allies | -11 -10 -9 -8 -7 -------- Run | Scr Mat Mat Mat Fac Total Allies . | . . . . . Largest Group . | . . . . . Highest-Rated Group . | . . . . . Highest-Rated Ally . | . . . . . Total Orders . | . . . . . Ally Attacks . | . . . . . Total Damage . | . . . . . Kills . | . . . . . Allies Corrupted . | . . . . . Allies Melted . | . . . . . Intel | -11 -10 -9 -8 -7 ------- Run | Scr Mat Mat Mat Fac Robot Analysis Total . | . . . . . Derelict Logs Recovered . | . . . . . Drone Launches . | . . . . . Drone Recoveries . | . . . . . Exploration | -11 -10 -9 -8 -7 ------------- Run | Scr Mat Mat Mat Fac Turns Passed 2875 | 64 396 415 1319 681 Spaces Moved 1753 | 43 172 199 604 735 Core 12 | 12 . . . . Treads 1108 | 31 172 199 604 102 Legs . | . . . . . Wheels . | . . . . . Hover 633 | . . . . 633 Flight . | . . . . . Fastest Speed 42 | 50 160 160 160 42 Average Speed 119 | 129 160 160 162 64 Slowest Speed 190 | 160 160 160 163 190 Overloaded Moves . | . . . . . Propulsion Burnouts . | . . . . . Robots Hopped . | . . . . . Cave-ins Triggered . | . . . . . Exploration Rate (%) 30 | 3 45 21 56 25 Regions Visited 4 Branch Regions . Pre-discovered Areas . | . . . . . Known Exits Taken 1 | . . . 1 . Unknown Exits Taken 3 | 1 1 1 . . Scrap Searched . | . . . . . Spaces Dug . | . . . . . Terrain Destroyed 47 | . . 14 33 . Melee . | . . . . . Projectile 28 | . . 6 22 . AOE 19 | . . 8 11 . Actions | -11 -10 -9 -8 -7 --------- Run | Scr Mat Mat Mat Fac Total 2168 | 50 232 252 783 851 Wait 115 | . 20 12 42 41 Move 1749 | 42 171 198 603 735 Hop . | . . . . . Pick Up 10 | 3 . 1 2 4 Fast Attach 34 | 3 2 7 11 11 Attach 7 | 2 . . 3 2 Detach 1 | . . . . 1 Swap . | . . . . . Drop 28 | . 2 5 8 13 Fire 120 | . 32 20 68 . Melee 53 | . . . 9 44 Ram . | . . . . . Kick . | . . . . . Crush 1 | . . . 1 . Escape Stasis . | . . . . . Rewire . | . . . . . Trap . | . . . . . Miscellaneous 50 | . 5 9 36 . Route ------- -11/Scrapyard -10/Materials (discovered 2 exits: [*Mat] / [*Min]) -9/Materials -8/Materials -7/Factory History --------- Turn | Location | Event 1 | -11/Scrapyard | Upgraded with Propulsion slot (x1) 1 | -11/Scrapyard | Upgraded with Utility slot (x1) 1 | -11/Scrapyard | Upgraded with Weapon slot (x1) 20 | -11/Scrapyard | Discovered new exit (range 16) 65 | -11/Scrapyard | Entered Materials 228 | -10/Materials | Discovered new exit (range 15) 314 | -10/Materials | Build established: Mutant 418 | -10/Materials | Discovered new exit (range 16) 461 | -10/Materials | Entered another Materials area 463 | -9/Materials | Reached level 2 468 | -9/Materials | Upgraded with Weapon slot (x1) 817 | -9/Materials | Build established: Tank 829 | -9/Materials | Discovered new exit (range 16) 876 | -9/Materials | Entered another Materials area 878 | -8/Materials | Reached level 3 878 | -8/Materials | Upgraded with Propulsion slot (x1) 1071 | -8/Materials | Reached level 4 1116 | -8/Materials | Garrison activated, responded to threat 1244 | -8/Materials | Reached level 5 1249 | -8/Materials | Core integrity fell below 50% 1587 | -8/Materials | Upgraded with Utility slot (x1) 1587 | -8/Materials | Upgraded with Weapon slot (x1) 1785 | -8/Materials | Reached level 6 1930 | -8/Materials | Build established: Mutant 2063 | -8/Materials | Discovered new exit (range 17) 2123 | -8/Materials | Identified exit to Factory 2195 | -8/Materials | Entered Factory 2197 | -7/Factory | Reached level 7 2659 | -7/Factory | Upgraded with Weapon slot (x1) 2796 | -7/Factory | Core integrity fell below 50% 2829 | -7/Factory | Core integrity fell below 20% 2876 | -7/Factory | Destroyed by Y-54 Guardian with Gatling Laser Last Messages --------------- 02834_ P-60 Hacker system corrupted by crushing effect. 02834_ Mining Claw follow-up attack on P-60 Hacker. 02838_ P-60 Hacker knocked back. 02845_ S-27 Virus destroyed. 02858_ Mace follow-up attack on Y-54 Guardian. 02861_ Mace follow-up attack on P-60 Hacker. 02867_ P-60 Hacker IFF system glitched. 02867_ G-47 Trooper destroyed. 02867_ Destroyed Gravmag System. 02867_ Destroyed Remote Datajack. 02867_ P-60 Hacker system corrupted by crushing effect. 02870_ Destroyed Shock Rifle. 02870_ P-60 Hacker system corrupted by crushing effect. 02870_ Mining Claw follow-up attack on P-60 Hacker. 02870_ Destroyed Lgt. Angular Momentum Engine. 02870_ Target Analyzer melted. 02870_ P-60 Hacker destroyed. 02874_ JVX5I&RADSEFMQZ/W#:KCCWK,:0 02874_ Mining Claw follow-up attack on Y-54 Guardian. 02874_ Imp. Deuterium Engine ripped off. Map ----- +----------------------------------------------------+ | ???????????????????? ????# # ]]# %#????# """ | | ???????????????????? ????# + ] #! #????# """ | | ???????????????????? ????# # # #????# | | ?????????????????????????# ######## #????# """ | | ?????????????????????????# # ######????# """ | | ?????????????????????????# # ########### """ | | ???????????????????# ##### # """ + / | | ???????????????????# ! + """ # #???? | | ???????????????????# # """ # #+#??# | | ???????????????????# """ # / % #??? | | ???????????????????# """ #####/### = #??? | | ???????????????????# """ #???# #?# = #??? | | ???????????????#####[ #???# #?# """ +??? | | ???????????????? """ ###?# #?# ""F #??? | | ????????????????? """ #?# #?# "" #??? | | ?????????????????? """ #?# #?# """ #??? | | ???????????????????? #?# #?# """ #?? | | ?????????????????????? #?# #?# +?? | | ???????????????????????# #?# #?# #?? | | ????????????????????????# ### ### ?? #####?? | | ????????????????????????# ## ## #?????? | | ????????????????????????# #?????? | | ???????????????????????## [### ##+####????????? | | ???????????????????????+ %!#?#####??????????????? | | ???????????????????????###Y#######???????????????? | | ???????????????????????# @*[ #???????????????? | | ???????????????????????# ! #???????????????? | | ???????????????????????# ! [#???????????????? | | ???????????????????????# #???????????????? | | ???????????????????????###########???????????????? | | | | | | | | | | | | | | | | | | | | | | | | | | | | | | | | | | | | | | | | | +----------------------------------------------------+ Best States ------------- Heat Dissipation 43 Energy Generation 19 Energy Capacity 380 Matter Stores 300 Matter Capacity 300 Sight Range 19 Robot Scan Range 4 Terrain Scan Density 10 Armor Coverage 600 Resistance: KI 5 Resistance: TH 10 Resistance: EX 15 Utility Shielding 66 Evasion (%) 56 Melee Accuracy 6 Recoil Reduction 3 Item Schematics ----------------- None Robot Schematics ------------------ None Fabricated ------------ Nothing Alien Tech Used ----------------- None Achievements -------------- None Challenges ------------ None RPGLIKE | -11 -10 -9 -8 -7 --------- Run | Scr Mat Mat Mat Fac Levels Raised 6 | . . 1 4 1 XP Earned 12911 | 3000 785 2210 4731 2185 XP Spent 11965 | 3000 . 1495 5775 1695 Upgrades 34 | 11 . 8 12 3 Propulsion Slot 2 | 1 . . 1 . Utility Slot 2 | 1 . . 1 . Weapon Slot 4 | 1 . 1 1 1 Core Integrity 3 | . . 2 . 1 Heat Dissipation 3 | . . 3 . . Energy Generation 1 | . . . 1 . Energy Storage 2 | 1 . 1 . . Mass Support 1 | 1 . . . . Inventory Capacity 1 | 1 . . . . Sight Range 1 | . . . 1 . Sensor Range 2 | . . . 2 . Melee Accuracy 6 | 2 . . 4 . KI Resistance % 1 | 1 . . . . TH Resistance % 2 | 1 . . 1 . EX Resistance % 3 | 1 . 1 . 1 Protomatter Created 632 | . 121 49 359 103 Integrity Restored 1084 | . 110 186 788 . Core 1084 | . 110 186 788 . Protomatter Decayed 223 | . 84 . 96 43 Game ------ Seed StorageMissileWarhead Manual? 0 Play Time 00:47:03 Cumulative 47.0 hours Start 2020.02.23 @ 13:47:37 End 2020.02.23 @ 15:06:55 Sessions 1 Manual Loads 0 Difficulty Rogue Special Mode Winter2019/RPGLIKE Game No. 36 Rogue 36 Adventurer 0 Explorer 0 Win Type - Total 0 Types 0/0/0/0/0/0/0 Lore% 22 Gallery% 31 Achievement% 21 Wizard Run 0 Options --------- ASCII 0 Keyboard 0 Movement Numpad Keybinds 0 Fullscreen 1 Font 24/Smallcaps Map View 76x50 Tactical HUD 1 Map Filters NONE Filters NONE Steam 1 RUN: c01ba06a-4a7f-41ae-928c-ed21f2ac3654